Map: Eternal Empire LE

Players

llIllIlIllII

  • Race: Terran Terran
  • League: Master
  • Spawn Location: 7:00

BerryRAWR - Winner!

  • Race: Terran Terran
  • League: Grandmaster
  • Spawn Location: 1:00

VOD

Have the link to the VOD?

Description

Time

  • Played on: May 26, 2020, 3:43 p.m.
  • Length: 22:56
Show
View Real Time Build Order
Export as new Build Order

llIllIlIllII Terran 

Build Orders:  

Get SALT Encoding   

  12  0:00  SCV  
  13  0:12  SCV  
  14  0:17  Supply Depot  
  14  0:25  SCV  
  15  0:39  SCV  
  15  0:40  Barracks  
  16  0:48  Refinery  
  16  0:51  SCV  
  17  1:03  SCV  
  18  1:11  Barracks  
  18  1:15  SCV  
  19  1:27  Orbital Command  
  19  1:30  Reaper  
  20  1:33  Supply Depot  
  20  1:53  SCV  
  21  1:59  Reaper  
  22  2:06  SCV  
  22  2:07  Reaper  
  24  2:18  SCV  
  24  2:19  Supply Depot  
  25  2:30  SCV  
  25  2:31  Reaper  
  25  2:34  Command Center  
  27  2:42  SCV  
  28  2:53  Reaper  
  28  2:55  SCV  
  29  3:07  SCV  
  29  3:08  Reaper  
  31  3:15  Command Center  
  31  3:19  SCV  
  32  3:22  Barracks  
  32  3:25  Refinery  
  32  3:31  SCV  
  34  3:43  SCV  
  36  3:55  SCV  
  36  4:01  Orbital Command  
  32  4:03  Bunker  
  32  4:04  Marine  
  32  4:07  SCV  
  32  4:09  Reaper  
  34  4:11  Barracks  
  34  4:13  Barracks  
  34  4:19  SCV  
  34  4:22  Marine  
  35  4:27  SCV  
  35  4:29  Orbital Command  
  35  4:31  SCV  
  35  4:39  Marine  
  35  4:41  Marine  
  35  4:43  SCV  
  38  4:50  SCV  
  37  4:56  SCV x2  
  41  5:00  Barracks Reactor, Barracks Tech Lab  
  41  5:02  SCV  
  41  5:03  Barracks Reactor  
  41  5:06  Barracks Reactor  
  40  5:08  SCV x2  
  40  5:09  Engineering Bay  
  42  5:14  SCV  
  42  5:15  Engineering Bay  
  42  5:20  SCV x2  
  45  5:23  Stimpack  
  45  5:25  Marine  
  45  5:26  Barracks Reactor, SCV  
  47  5:32  SCV  
  47  5:33  SCV  
  49  5:38  Terran Infantry Weapons Level 1, SCV  
  49  5:41  Terran Infantry Armor Level 1  
  50  5:43  Marine  
  50  5:44  SCV  
  50  5:45  SCV  
  53  5:50  SCV  
  53  5:52  Marine  
  53  5:53  Marine x2  
  53  5:56  Marine, SCV  
  58  5:57  SCV  
  58  6:00  Marine x2  
  58  6:02  SCV  
  58  6:08  SCV  
  58  6:09  SCV  
  58  6:15  Orbital Command, SCV  
  58  6:18  Marine x8  
  64  6:20  SCV  
  67  6:27  SCV  
  67  6:28  Factory, Marine  
  67  6:31  Refinery x2  
  69  6:44  Supply Depot  
  69  6:45  Supply Depot  
  69  6:46  Marine x5  
  77  6:47  SCV x3  
  77  7:03  Combat Shield  
  77  7:05  Marine x6  
  77  7:06  SCV x3  
  86  7:18  Marine x2, SCV x3  
  86  7:19  Marine  
  86  7:20  Starport, Factory Reactor  
  91  7:23  Marine  
  91  7:25  Armory  
  92  7:30  SCV  
  92  7:35  Refinery x2  
  93  7:37  Supply Depot  
  93  7:38  Marine x3, SCV x2  
  93  7:42  SCV  
  93  7:43  Supply Depot, Marine x2  
  101  7:58  Marine x5  
  101  7:59  SCV x3  
  101  8:04  Marine  
  110  8:06  Marine x3  
  110  8:11  SCV x3  
  116  8:15  Factory Tech Lab  
  116  8:16  Marine  
  117  8:23  Command Center  
  117  8:24  Terran Infantry Weapons Level 2, Sensor Tower  
  117  8:28  Terran Infantry Armor Level 2  
  117  8:29  Marine x2, SCV x2, Medivac x2  
  117  8:33  Supply Depot  
  125  8:35  Marine x3, SCV  
  125  8:38  Siege Tank  
  125  8:39  Marine  
  133  8:42  Supply Depot  
  133  8:43  Terran Vehicle Weapons Level 1  
  133  8:44  Marine  
  133  8:47  SCV  
  133  8:49  SCV  
  133  8:54  Concussive Shells, Marine x4  
  137  8:58  Marine x2  
  138  9:03  SCV, Missile Turret x2  
  138  9:04  Sensor Tower  
  138  9:05  Missile Turret  
  136  9:16  Marine x8  
  144  9:21  Marine  
  145  9:28  Siege Tank  
  145  9:29  Medivac  
  148  9:33  Marine  
  148  9:35  Marine x5  
  152  9:40  Marine x3  
  152  9:44  SCV  
  154  9:54  Marine x5  
  154  9:59  Marine  
  149  10:04  Sensor Tower  
  149  10:28  Command Center  
  149  10:30  Sensor Tower  
  149  10:32  Supply Depot  
  149  10:33  Supply Depot, Marine x2, SCV x2, Medivac x2  
  149  10:34  Supply Depot  
  157  10:47  Factory  
  157  10:50  Marine  
  157  10:53  Marine x2  
  157  10:54  Siege Tank, Marine, SCV x2  
  157  10:55  Marine x5  
  170  10:57  Terran Infantry Weapons Level 3  
  170  11:02  Terran Infantry Armor Level 3  
  170  11:06  SCV  
  170  11:07  Terran Vehicle Weapons Level 2  
  170  11:08  Marine, SCV x2  
  174  11:11  Marine x3  
  174  11:13  Marine x3  
  174  11:15  Marine  
  181  11:22  Supply Depot  
  181  11:35  SCV  
  181  11:36  Marine x2, SCV x2  
  181  11:37  Marine x2  
  181  11:38  Siege Tank, Marine  
  176  11:44  Marine x4  
  176  11:45  Factory Tech Lab  
  162  11:53  Planetary Fortress  
  162  11:54  Marine x2  
  162  11:55  Marine, Barracks x2  
  162  11:56  Barracks  
  162  11:57  Marine x2  
  167  12:01  Marine x2  
  167  12:03  Marine x2  
  167  12:07  Siege Tank  
  167  12:08  Medivac x2  
  178  12:10  Siege Tank  
  178  12:12  Marine x2, Missile Turret  
  178  12:13  Marine  
  178  12:15  Marine x2  
  186  12:19  Marine x2  
  186  12:20  Marine  
  189  12:24  Marine  
  189  12:29  Marine  
  184  12:30  Marine  
  184  12:31  Marine  
  184  12:33  Marine x2  
  187  12:37  Marine x2  
  157  12:44  Marine x5  
  157  12:47  Marine  
  157  12:48  Siege Tank x2, Marine x2, Medivac  
  157  12:49  Medivac  
  157  12:50  Marine  
  173  12:54  SCV x2  
  156  13:06  Marine x2  
  156  13:07  Marine  
  156  13:08  Marine x9, Command Center  
  160  13:23  Siege Tank x2  
  160  13:24  Marine x3  
  160  13:25  Marine  
  160  13:26  Marine x8  
  178  13:39  Medivac x2  
  182  13:42  Marine x3  
  182  13:43  Marine  
  182  13:44  Marine x2  
  182  13:46  Marine x6  
  194  13:55  Siege Tank  
  194  14:00  Marine x3  
  194  14:01  Marine  
  194  14:02  Marine x2  
  193  14:03  Siege Tank, Marine x4  
  193  14:05  Marine  
  193  14:06  Marine  
  185  14:20  Marine x6  
  186  14:25  Marine x4  
  181  14:33  Marine x2  
  181  14:37  Marine x6  
  184  14:43  Marine  
  184  14:51  Marine  
  184  14:52  Marine x4  
  172  14:55  Marine x4  
  171  15:09  Marine x4  
  171  15:10  Siege Tank  
  175  15:18  Marine x4  
  179  15:23  Planetary Fortress, SCV  
  179  15:24  SCV x2  
  167  15:38  Marine x4  
  167  15:41  Marine  
  165  15:43  Marine  
  162  15:55  Marine  
  162  15:56  Marine x4  
  162  16:05  Marine x3  
  162  16:06  Marine  
  162  16:09  Marine  
  140  16:31  Sensor Tower  
  140  16:36  Marine x6  
  140  16:37  Marine  
  140  16:39  SCV  
  148  16:49  Marine x3  
  151  16:54  Marine  
  133  17:15  Marine x8  
  123  17:20  Marine x2  
  123  17:21  SCV  
  123  17:22  SCV  
  133  17:33  Marine x2  
  133  17:34  Marine x2  
  133  17:36  Command Center  
  137  17:40  Marine x5  
  137  17:42  Marine  
  143  17:51  Marine  
  144  17:54  SCV  
  144  17:57  SCV x2  
  147  18:11  Orbital Command  
  127  18:17  Marine  
  127  18:19  Marine x4  
  114  18:20  Medivac x2  
  116  18:32  Marine x5  
  116  18:33  Siege Tank x2  
  121  18:35  Marine  
  121  18:36  Marine x2  
  124  18:43  SCV  
  124  18:44  SCV x2  
  124  18:46  SCV  
  128  18:50  Medivac  
  130  18:55  SCV  
  130  18:56  SCV x2  
  130  18:58  SCV  
  105  19:37  Marine x2  
  92  19:39  Marine x6  
  92  19:43  SCV x3  
  93  19:54  Marine x2, Command Center  
  93  19:55  Marine x2  
  93  19:57  Marine  
  93  19:58  Command Center  
  98  20:02  Marine x2  
  100  20:08  Marine x3  
  103  20:16  Marine x3  
  106  20:30  Marine x3  
  106  20:34  Marine  
  106  20:35  Marine  
  110  20:41  Marine x2  
  112  20:54  Marine x4  
  112  20:55  Orbital Command  
  112  20:56  Siege Tank  
  110  20:59  Marine  
  109  21:20  Marine x9  
  109  21:21  Siege Tank  
  120  21:34  Marine  
  120  21:38  Marine  
  122  21:42  Marine x4  
  122  21:44  Marine x4  
  122  21:46  Siege Tank  
  133  21:47  Medivac  
  133  21:52  Marine  
  135  21:56  Marine  
  135  21:59  Marine x2  
  120  22:03  Marine x4  
  97  22:11  Marine x3  
  97  22:12  Siege Tank  
  97  22:13  Marine  
  102  22:17  Marine x2  
  102  22:20  Marine  
  105  22:25  Marine x3  
  105  22:29  Marine  
Show
View Real Time Build Order
Export as new Build Order

BerryRAWR Terran - Winner!

Build Orders:  

Get SALT Encoding   

  12  0:00  SCV  
  13  0:12  SCV  
  14  0:18  Supply Depot  
  14  0:25  SCV  
  15  0:31  Refinery  
  15  0:40  SCV  
  16  0:45  Barracks  
  16  0:52  SCV  
  17  1:03  Refinery  
  18  1:04  SCV  
  18  1:16  SCV  
  19  1:34  Orbital Command, Reaper  
  19  1:39  Factory  
  20  1:49  Supply Depot  
  20  2:00  SCV  
  21  2:06  Barracks Reactor  
  21  2:12  SCV  
  22  2:25  SCV  
  22  2:28  Command Center  
  22  2:29  Hellion  
  26  2:37  SCV  
  26  2:45  Reaper x2  
  26  2:49  SCV  
  29  2:51  Supply Depot  
  28  3:01  SCV  
  28  3:05  Hellion  
  29  3:17  Reaper x2  
  29  3:19  SCV  
  32  3:31  Hellion  
  32  3:32  SCV  
  34  3:51  Supply Depot  
  31  4:00  Hellion  
  31  4:01  Marine, Reaper  
  31  4:02  Orbital Command  
  34  4:05  Bunker  
  34  4:13  Bunker  
  34  4:14  SCV  
  35  4:21  Marine  
  36  4:28  SCV x2  
  38  4:32  Refinery, Marine  
  39  4:39  Marine, Factory Tech Lab  
  39  4:50  Marine  
  39  4:51  SCV x2  
  42  4:57  Marine  
  43  5:01  Siege Tank  
  43  5:03  SCV x2  
  43  5:05  Command Center  
  48  5:16  SCV  
  48  5:17  SCV  
  48  5:18  Marine x2  
  52  5:21  Supply Depot  
  52  5:24  Engineering Bay  
  52  5:25  Engineering Bay  
  52  5:32  Starport  
  52  5:33  SCV  
  52  5:34  SCV  
  54  5:36  Marine x2  
  54  5:42  Siege Tank  
  59  5:46  SCV  
  59  5:47  SCV  
  61  5:54  Marine  
  62  5:58  SCV  
  62  5:59  SCV  
  64  6:13  SCV x2  
  64  6:15  Terran Infantry Weapons Level 1, Terran Infantry Armor Level 1  
  64  6:17  Starport Tech Lab  
  67  6:21  Barracks  
  67  6:22  Orbital Command  
  67  6:24  Barracks  
  67  6:25  SCV x2  
  66  6:27  Refinery, Factory Tech Lab  
  66  6:30  Stimpack  
  66  6:32  Marine  
  67  6:37  SCV x2  
  67  6:45  Siege Tank  
  70  6:48  SCV  
  70  6:49  Starport Reactor, SCV x2  
  73  6:58  Marine  
  75  7:01  SCV x2  
  75  7:02  Armory  
  75  7:03  Orbital Command  
  75  7:04  Barracks  
  75  7:05  Barracks  
  76  7:14  Factory  
  76  7:16  Marine  
  76  7:17  Siege Tank  
  76  7:18  Refinery  
  76  7:20  Refinery, SCV  
  76  7:21  SCV  
  82  7:23  Combat Shield, Marine x2  
  84  7:30  Supply Depot  
  84  7:31  SCV  
  84  7:33  Supply Depot, SCV  
  85  7:52  Siege Tank, SCV x3  
  85  7:53  Barracks Reactor  
  85  7:54  Marine x2, Barracks Reactor  
  85  7:55  Medivac x2  
  95  8:04  SCV x2  
  97  8:06  Factory Tech Lab  
  97  8:07  Supply Depot  
  97  8:08  Supply Depot x2, SCV  
  97  8:09  Terran Infantry Weapons Level 2  
  98  8:14  Marine x3, Terran Infantry Armor Level 2  
  101  8:21  Supply Depot  
  101  8:24  Terran Vehicle Weapons Level 1, SCV  
  101  8:25  Supply Depot  
  101  8:28  Marine, SCV x2, Medivac  
  101  8:29  Siege Tank  
  101  8:31  Marine  
  101  8:32  Marine x4  
  114  8:35  Marine x2  
  114  8:36  SCV  
  114  8:40  SCV  
  114  8:41  SCV  
  119  8:44  Siege Tank  
  119  8:46  Marine  
  122  8:49  Marine x2  
  122  8:50  Marine x3, SCV  
  122  8:53  Marine x2  
  131  9:02  Siege Tank  
  131  9:04  Marine  
  131  9:07  Marine x2  
  131  9:08  Marine x3  
  137  9:11  Marine x2  
  139  9:22  Supply Depot, Marine  
  139  9:23  Supply Depot x2  
  139  9:25  Marine x2  
  141  9:35  Marine  
  141  9:36  Marine  
  141  9:40  Orbital Command  
  141  9:44  Marine  
  142  9:47  Siege Tank  
  142  9:48  Marine x4  
  149  9:57  Marine x3  
  150  10:02  Medivac x2  
  147  10:07  Marine x3  
  146  10:14  Marine x2  
  146  10:15  Marine x3  
  148  10:23  Siege Tank x2  
  148  10:25  Supply Depot, Marine x3  
  148  10:27  Supply Depot, Command Center  
  157  10:32  Marine x4  
  157  10:33  Marine  
  162  10:36  Medivac  
  162  10:41  Medivac  
  164  10:43  Marine  
  164  10:47  Marine x2  
  167  10:50  Marine x5  
  167  10:55  Siege Tank  
  175  11:01  Marine  
  174  11:05  Marine x2  
  174  11:08  Marine x5  
  177  11:12  Medivac  
  177  11:13  Medivac  
  177  11:14  Terran Infantry Armor Level 3, Terran Infantry Weapons Level 3  
  176  11:19  Marine  
  176  11:22  Marine x2  
  177  11:25  Marine  
  177  11:26  Marine x3  
  177  11:31  Marine  
  181  11:36  Marine  
  154  11:40  Marine x2  
  154  11:43  Marine x2  
  154  11:44  Siege Tank, Marine x2  
  154  11:45  Siege Tank  
  147  11:49  Marine  
  148  11:54  Marine  
  148  11:56  SCV x2  
  148  11:58  Marine x2  
  152  12:01  Marine x3  
  152  12:02  Marine  
  152  12:07  Marine  
  157  12:12  Marine  
  158  12:16  Siege Tank, Marine x2  
  158  12:17  Medivac  
  158  12:18  Siege Tank, Medivac  
  158  12:19  Marine x4  
  158  12:21  Planetary Fortress  
  173  12:23  SCV x3  
  173  12:24  Marine  
  175  12:30  Marine  
  175  12:34  Marine x2  
  175  12:35  SCV  
  175  12:37  Marine x4  
  176  12:42  Marine  
  160  12:48  Siege Tank, Marine  
  160  12:50  Siege Tank  
  167  12:51  Marine x2  
  167  12:52  Sensor Tower  
  167  12:54  Sensor Tower, Marine  
  167  12:55  Marine x3  
  172  13:00  Marine  
  168  13:05  Marine  
  168  13:09  Marine x2  
  168  13:12  Marine x2, Medivac x2  
  167  13:13  Marine x2  
  167  13:18  Marine  
  172  13:23  Marine  
  172  13:25  Refinery  
  172  13:26  Refinery  
  173  13:27  Marine x2  
  173  13:30  Marine x2  
  173  13:31  Marine x2  
  173  13:33  Siege Tank x2  
  185  13:36  Marine  
  185  13:38  Terran Vehicle Weapons Level 2  
  185  13:39  Supply Depot  
  186  13:41  Marine  
  186  13:42  Medivac x2  
  186  13:45  Marine x2  
  186  13:48  Marine x4  
  196  13:58  Marine  
  196  13:59  Marine  
  191  14:03  Marine x2  
  191  14:07  Siege Tank  
  191  14:08  Siege Tank  
  184  14:12  Marine x3  
  178  14:28  Marine x5  
  178  14:30  Marine x2  
  178  14:37  Marine  
  179  14:39  Siege Tank  
  179  14:40  Siege Tank  
  174  14:59  Marine  
  158  15:07  Marine x2  
  158  15:08  Marine x3  
  158  15:09  Marine x2  
  158  15:12  Siege Tank x2  
  171  15:17  Marine  
  171  15:19  Command Center  
  172  15:25  Marine x2  
  172  15:26  Marine x3  
  177  15:28  Marine  
  158  15:40  Marine x2  
  145  15:43  Marine x2  
  145  15:44  Siege Tank, Marine  
  145  15:45  Siege Tank, Marine, SCV x2  
  145  15:46  Marine x2  
  159  15:58  Marine x2  
  159  16:01  Marine  
  161  16:05  Marine  
  161  16:07  Marine  
  161  16:09  Command Center  
  142  16:14  Marine x3  
  142  16:16  Siege Tank  
  142  16:17  Siege Tank  
  136  16:26  Marine x2  
  136  16:27  Marine, Medivac x2  
  136  16:31  Marine x2  
  136  16:32  Marine  
  142  16:48  Siege Tank  
  142  16:49  Siege Tank  
  142  16:52  Marine x6  
  148  17:09  Marine x3  
  148  17:14  Marine  
  152  17:20  Siege Tank  
  152  17:21  Siege Tank  
  152  17:22  Planetary Fortress  
  158  17:24  Marine  
  158  17:28  Marine  
  159  17:33  Marine x3  
  159  17:36  Marine x2  
  163  17:42  Marine  
  163  17:43  Marine  
  165  17:52  Siege Tank  
  165  17:53  Siege Tank  
  165  17:56  Terran Vehicle Weapons Level 3  
  171  17:58  Refinery  
  171  18:00  Sensor Tower  
  170  18:08  Marine x3  
  145  18:21  Planetary Fortress  
  145  18:22  SCV x3  
  145  18:23  SCV  
  145  18:24  Siege Tank, Marine x2  
  145  18:25  Siege Tank  
  154  18:27  Marine x3  
  154  18:28  Marine  
  154  18:29  Marine  
  154  18:34  Marine  
  152  18:35  Medivac  
  154  18:42  Marine x2  
  156  18:50  Unknown  
  156  18:53  Marine x4  
  160  18:56  Siege Tank  
  160  19:01  Marine  
  164  19:09  Siege Tank  
  161  19:11  Marine  
  161  19:12  Marine x6  
  167  19:19  Marine  
  159  19:28  Siege Tank  
  154  19:31  Marine x2  
  141  19:41  Siege Tank  
  141  19:42  Marine, Medivac x2  
  123  19:46  Marine  
  123  19:49  Marine x2  
  126  20:00  Siege Tank, Marine  
  130  20:08  Marine  
  130  20:12  Medivac x2  
  130  20:13  Siege Tank, Marine x3  
  141  20:15  Marine  
  137  20:29  Marine x3  
  137  20:33  Siege Tank  
  143  20:36  Marine x2  
  143  20:37  Marine x3  
  143  20:42  Medivac x2  
  152  20:45  Siege Tank  
  152  20:47  Marine x2  
  147  20:54  Marine  
  147  20:57  Marine  
  141  20:59  Marine  
  141  21:00  Marine x2  
  145  21:05  Siege Tank  
  145  21:06  Marine x2  
  150  21:12  Medivac x2  
  150  21:13  Marine  
  150  21:18  Siege Tank  
  157  21:20  Marine x2  
  158  21:36  Marine x2  
  158  21:37  Siege Tank  
  163  21:42  Medivac  
  163  21:45  Marine x6  
  171  21:50  Siege Tank  
  172  21:54  Marine  
  163  22:09  Siege Tank  
  163  22:14  Marine  
  163  22:15  Marine x3  
  167  22:16  Marine x4  
  167  22:22  Siege Tank  
  177  22:23  Medivac x2  
  181  22:32  Marine  
  181  22:33  Marine x5  
  181  22:34  Marine x2  
Tags
 
Add a new tag
Caveats
  • Supply blocks, unpowered buildings, or Contaminate may cause inaccurate times.
  • Supply counts are checked every 10 seconds.